Map: 匹昂台地

Players

shengy

  • Race: Zerg Zerg
  • League: Platinum

Chaldi - Winner!

  • Race: Zerg Zerg
  • League: Diamond

VOD

Have the link to the VOD?

Description

Time

  • Played on: Jan. 1, 2016, 1:08 a.m.
  • Length: 9:29
Show
View Real Time Build Order
Export as new Build Order

shengy Zerg 

Build Orders: Pool First 

Get SALT Encoding   

  12  0:01  Drone  
  13  0:08  Drone  
  14  0:17  Overlord  
  14  0:34  Spawning Pool  
  13  0:39  Drone  
  14  0:44  Extractor  
  13  0:56  Drone x2  
  15  1:08  Overlord  
  15  1:22  Queen  
  17  1:29  Zergling x2  
  17  1:30  Zergling x4  
  20  1:45  Metabolic Boost  
  20  1:46  Zergling x2  
  21  1:52  Drone  
  22  2:02  Zergling x2  
  23  2:13  Hatchery  
  22  2:18  Zergling x2  
  23  2:33  Zergling x8  
  27  2:40  Drone  
  28  2:55  Drone  
  29  3:06  Baneling Nest  
  28  3:13  Overlord  
  20  3:28  Queen  
  22  3:35  Zergling x2  
  22  3:36  Zergling x6  
  22  3:38  Zergling x6  
  29  3:46  Drone x2  
  31  4:04  Queen  
  33  4:11  Drone x3  
  35  4:34  Roach Warren, Drone x2  
  35  4:35  Extractor, Drone x2  
  37  4:40  Drone  
  38  4:52  Overlord  
  38  4:53  Drone  
  38  4:54  Drone x2  
  38  4:56  Baneling x2  
  41  5:09  Overlord  
  41  5:10  Drone x2  
  41  5:11  Drone  
  41  5:12  Drone  
  45  5:22  Baneling x2  
  45  5:23  Baneling  
  45  5:26  Extractor  
  44  5:29  Roach x3  
  49  5:37  Baneling  
  48  5:50  Drone  
  48  5:51  Drone x3, Extractor  
  48  5:56  Hatchery  
  50  6:15  Overlord  
  50  6:16  Overlord x2  
  50  6:17  Lair  
  51  6:18  Drone  
  50  6:26  Overlord  
  50  6:27  Overlord  
  50  6:44  Drone x7  
  54  7:17  Glial Reconstitution  
  54  7:24  Hydralisk Den  
  54  7:26  Drone x6  
  59  7:33  Roach x4  
  59  7:34  Roach x5  
  59  7:36  Ravager x3  
  80  7:48  Overlord  
  80  7:49  Overlord  
  80  7:51  Overseer  
  80  7:57  Evolution Chamber x2  
  79  7:58  Ravager x2  
  79  7:59  Ravager  
  79  8:03  Drone x4  
  85  8:06  Extractor  
  81  8:13  Spore Crawler  
  81  8:14  Spore Crawler  
  81  8:16  Spore Crawler  
  72  8:31  Hydralisk  
  72  8:32  Hydralisk x3  
  72  8:33  Hydralisk  
  78  8:45  Hydralisk  
  78  8:46  Hydralisk  
  82  8:52  Overlord  
Show
View Real Time Build Order
Export as new Build Order

Chaldi Zerg - Winner!

Build Orders: Hatch First 

Get SALT Encoding   

  12  0:00  Drone  
  13  0:13  Overlord  
  13  0:19  Extractor, Drone  
  14  0:27  Extractor  
  14  0:28  Drone  
  15  0:32  Drone  
  15  0:35  Drone  
  17  0:46  Drone  
  18  0:57  Hatchery  
  18  0:59  Drone  
  18  1:12  Extractor  
  18  1:14  Spawning Pool  
  18  1:17  Drone  
  17  1:22  Drone  
  18  1:29  Drone  
  19  1:38  Overlord  
  19  1:49  Drone  
  20  2:04  Spine Crawler  
  20  2:05  Queen, Zergling x2  
  20  2:06  Spine Crawler  
  21  2:09  Zergling x2  
  21  2:13  Queen  
  24  2:20  Metabolic Boost  
  24  2:24  Zergling x2  
  24  2:27  Zergling x2  
  25  2:32  Zergling x2  
  26  2:38  Zergling x2  
  26  2:40  Zergling x2  
  28  2:46  Zergling x4  
  30  2:52  Zergling x2  
  31  3:01  Baneling Nest  
  30  3:06  Zergling x2  
  31  3:13  Spine Crawler, Drone x2  
  31  3:18  Zergling x2  
  30  3:26  Drone x2  
  28  3:34  Zergling x4  
  30  3:38  Drone  
  31  3:41  Drone  
  31  3:46  Drone  
  34  3:48  Drone  
  34  3:52  Drone  
  35  3:56  Baneling  
  35  4:02  Overlord  
  35  4:03  Overlord  
  35  4:05  Baneling  
  35  4:06  Baneling  
  35  4:20  Overlord  
  35  4:22  Drone x4  
  39  4:25  Extractor  
  39  4:29  Extractor  
  36  4:34  Lair  
  36  4:37  Drone  
  36  4:38  Drone  
  38  4:39  Drone  
  39  4:45  Drone  
  39  4:46  Drone  
  39  4:48  Drone x2  
  39  4:51  Extractor  
  43  4:52  Drone  
  43  4:58  Drone x2  
  43  4:59  Drone  
  46  5:04  Baneling x2  
  46  5:10  Drone x4  
  50  5:21  Zergling x4  
  52  5:23  Overlord  
  52  5:34  Drone x3  
  51  5:39  Baneling  
  51  5:40  Baneling  
  51  5:48  Overlord  
  51  5:51  Evolution Chamber  
  51  5:52  Spire  
  51  5:56  Drone  
  51  5:57  Drone x2  
  52  6:06  Drone x3  
  52  6:11  Zergling x6  
  58  6:17  Zerg Melee Weapons Level 1  
  58  6:32  Baneling, Hatchery  
  57  6:33  Overlord x2  
  57  6:34  Extractor  
  57  6:36  Extractor  
  54  6:40  Queen x2  
  54  6:45  Baneling  
  54  6:46  Baneling x2  
  58  6:47  Spine Crawler  
  58  6:51  Overlord  
  57  7:04  Mutalisk x4  
  57  7:05  Mutalisk x3  
  69  7:09  Zerg Flyer Weapons Level 1  
  69  7:15  Mutalisk x2  
  72  7:26  Mutalisk  
  72  7:29  Mutalisk  
  74  7:31  Drone x7  
  83  7:46  Overlord  
  83  7:47  Drone  
  83  7:48  Drone x2  
  86  7:56  Overseer  
  86  8:03  Zergling x6  
  89  8:15  Mutalisk x3  
  89  8:16  Mutalisk  
  97  8:35  Overlord x2  
  95  9:05  Mutalisk x3, Zergling x4  
  95  9:06  Zergling x10  
Tags
 
Add a new tag
Caveats
  • Supply blocks, unpowered buildings, or Contaminate may cause inaccurate times.
  • Supply counts are checked every 10 seconds.